 Dungeon Crawl Stone Soup version 0.27-a0-522-g46bbb28828 (webtiles) character file.

Game seed: 17599572896431479731

142 gruber the Shooter (level 5, -6/29 HPs)
             Began as a Deep Elf Hunter on Mar 4, 2021.
             Was an Initiate of Nemelex Xobeh.
             Splashed by Ijyb's acid (12 damage)
             ... on level 3 of the Dungeon.
             The game lasted 00:02:50 (3171 turns).

gruber the Shooter (Deep Elf Hunter)                Turns: 3171, Time: 00:02:52

Health: -6/29      AC:  0    Str:  9    XL:     5   Next: 4%
Magic:  7/7        EV: 12    Int: 16    God:    Nemelex Xobeh [......]
Gold:   69         SH:  0    Dex: 16    Spells: 4/4 levels left

rFire    . . .     SeeInvis .   a - +1 shortbow
rCold    . . .     Faith    .   (shield currently unavailable)
rNeg     . . .     Spirit   .   c - +0 leather armour
rPois    .         Reflect  .   (no helmet)
rElec    .         Harm     .   (no cloak)
rCorr    .         Rampage  .   j - +0 pair of gloves
Will     .....                  (no boots)
Stlth    ++........             (no amulet)
HPRegen  0.09/turn              i - +4 ring of slaying
MPRegen  0.10/turn              (no ring)

@: corroded
A: no striking features
a: Renounce Religion, Draw Escape, Draw Destruction, Draw Summoning


You were on level 3 of the Dungeon.
You worshipped Nemelex Xobeh.
Nemelex Xobeh was noncommittal.
You visited 1 branch of the dungeon, and saw 3 of its levels.

You collected 69 gold pieces.

Inventory:

Hand Weapons
 a - a +1 shortbow (weapon)
 b - a +0 short sword
Missiles
 d - 15 arrows (quivered ammo)
Armour
 c - a +0 leather armour (worn)
 j - a +0 pair of gloves (worn)
Jewellery
 i - a +4 ring of slaying (left hand)
Scrolls
 f - a scroll of fog {unknown}
 m - 4 scrolls of identify {unknown}
 n - 2 scrolls of enchant weapon {unknown}
Potions
 e - a potion of curing {unknown}
 g - 2 potions of degeneration {unknown}
 h - 2 potions of haste {unknown}
 k - a potion of might {unknown}
 l - 3 potions of attraction {unknown}
 o - a potion of flight {unknown}


   Skills:
 - Level 1.5 Fighting
 - Level 4.2 Short Blades
 - Level 0.2 Staves
 - Level 5.9 Bows
 * Level 2.4 Dodging
 - Level 1.2 Stealth


You had 4 spell levels left.
You didn't know any spells.
Your spell library was empty.

Dungeon Overview and Level Annotations

Branches:
Dungeon (3/15)

Altars:
Nemelex Xobeh

Annotations:
D:3 Ijyb


Message History

Done exploring.
Done exploring.
Done exploring.
Done exploring.
Done exploring.
(D) Dungeon
Where to? (Enter - D:2, ? - help)
There is an open door here.
There is a stone staircase leading down here.
You climb downwards.
Found a leather armour.
Found an escape hatch in the ceiling.
There is a stone staircase leading up here.
Found a stone staircase leading down.
A bat comes into view.
Found two maces.
A bat is nearby!
A bat is nearby!
A bat is nearby!
You shoot an arrow. The arrow hits the bat.
You kill the bat!
No target in view!
No target in view!
d - 17 arrows (gained 1)
You see here a +0 mace.
No target in view!
Ijyb the Twisted Goblin comes into view.
She is wielding a +0 dagger and carrying a wand of acid (2).
Ijyb is nearby!
Ijyb is nearby!
You shoot an arrow. The arrow hits Ijyb!
Ijyb shouts!
Ijyb is moderately wounded.
Ijyb zaps a wand.
The bolt of acid misses you.
You shoot an arrow. The arrow hits Ijyb.
Ijyb is heavily wounded.
Ijyb zaps a wand.
The bolt of acid hits you!!
Ouch! That really hurt!
* * * LOW HITPOINT WARNING * * *
The acid corrodes you!
You are splashed with acid!
You die...
Your body disappears without a glow.

.........#
.........#
.........#
....)....#
.........###
..........g
.........#
.......@.#
##.#...)##
#......####
#.........#
#.......#.#######
#...^....<......#
##.....#.....<#..
#.....###....#
#....... ...[...


You could see Ijyb.

Vanquished Creatures
  Natasha (thrice) (D:2)
  An adder (D:2)
  4 dart slugs
  A leopard gecko (D:2)
  4 bats
  A giant cockroach (D:1)
  9 goblins
  4 hobgoblins
  5 jackals (D:2)
  A ball python (D:2)
  8 frilled lizards
  5 kobolds
  7 rats
53 creatures vanquished.

Notes
Turn   | Place    | Note
-------+----------+-------------------------------------------
     0 | D:1      | gruber the Deep Elf Hunter began the quest for the Orb.
     0 | D:1      | Reached XP level 1. HP: 12/12 MP: 3/3
   210 | D:1      | Reached XP level 2. HP: 16/16 MP: 4/4
   681 | D:1      | Reached skill level 1 in Short Blades
  1025 | D:1      | Reached XP level 3. HP: 16/20 MP: 5/5
  1457 | D:2      | Found a sparkling altar of Nemelex Xobeh.
  1494 | D:2      | Became a worshipper of Nemelex Xobeh the Trickster
  2321 | D:2      | Noticed Natasha
  2330 | D:2      | Killed Natasha
  2331 | D:2      | Reached XP level 4. HP: 12/25 MP: 6/6
  2600 | D:2      | Noticed Natasha
  2608 | D:2      | Killed Natasha
  2965 | D:2      | Noticed Natasha
  2973 | D:2      | Killed Natasha
  2974 | D:2      | Reached XP level 5. HP: 29/29 MP: 7/7
  3169 | D:3      | Noticed Ijyb
  3171 | D:3      | Splashed by Ijyb's acid

Illustrated notes

Levels and vault maps discovered:
D:1:      amcnicky_arrival_single_pillar, layout_loops_ring, minmay_lizard_pond
D:2:      layout_basic, nicolae_overflow_crystal_walls,
          kennysheep_generic_room_8, uniq_natasha
D:3:      layout_rooms, general_overflow_altar, overflow_temple_1_default,
          makhleb_blood_cavern_becter, uniq_ijyb

Skill      XL: |  1  2  3  4 |
---------------+-------------+-----
Short Blades   | 1 3 4 |  4.2
Fighting       | |  1.5
Staves         | |  0.2
Bows           | |  5.9
Dodging        | |  2.4
Stealth        | |  1.2

Action                   |  1- 3 |  4- 6 || total
-------------------------+-------+-------++-------
Melee: Short sword       |   129 |    19 ||   148
 Fire: Shortbow          |    30 |    10 ||    40
 Stab: Sleeping          |     3 |       ||     3
Armor: Leather armour    |    31 |     2 ||    33
Dodge: Dodged            |    87 |    11 ||    98

Table legend: (Time is in decaauts)
 A = Elapsed time spent in this place.
 B = Non-inter-level travel time spent in this place.
 C = Inter-level travel time spent in this place.
 D = Time resting spent in this place.
 E = Time spent auto-exploring this place.
 F = Levels seen in this place.
 G = Mean time per level.
                   A        B        C        D        E       F      G
               +--------+--------+--------+--------+--------+-----+--------+
         Total |   3175 |   2987 |    188 |      0 |   2624 |   3 | 1058.3 |
       Dungeon |   3175 |   2987 |    188 |      0 |   2624 |   3 | 1058.3 |
               +--------+--------+--------+--------+--------+-----+--------+

Top non-repeatable levels by time:
     D:2: 1776 daAuts
     D:1: 1387 daAuts
     D:3: 11 daAuts
